 Dungeon Crawl Stone Soup version 0.23-a0-635-g88ca12a (webtiles) character file.

133 Matador8 the Sneak (level 4, -6/30 HPs)
             Began as a Vampire Enchanter on Dec 27, 2018.
             Mangled by an ogre
             ... wielding a +0 giant club
              (21 damage)
             ... on level 4 of the Dungeon.
             The game lasted 00:20:11 (3303 turns).

Matador8 the Sneak (Vampire Enchanter)              Turns: 3303, Time: 00:20:16

Health: -6/30      AC:  4    Str:  8    XL:     4   Next: 94%
Magic:  7/7        EV: 12    Int: 17    God:
Gold:   83         SH:  0    Dex: 14    Spells: 1/7 levels left

rFire    . . .     SeeInvis +   a - +1 dagger
rCold    + . .     Gourm    .   (no shield)
rNeg     + + .     Faith    .   l - +0 leather armour
rPois    +         Spirit   .   j - +0 helmet
rElec    .         Reflect  .   (no cloak)
rCorr    .         Harm     .   (no gloves)
MR       .....                  (no boots)
Stlth    ++++......             (no amulet)
HPRegen  0.05/turn              (no ring)
MPRegen  0.10/turn              (no ring)

@: lethally poisoned (-6 -> -28), regenerating slowly
A: fangs 3, see invisible, unbreathing
a: Bat Form


You were on level 4 of the Dungeon.
You were thirsty.

You visited 1 branch of the dungeon, and saw 4 of its levels.

You collected 83 gold pieces.

Inventory:

Hand Weapons
 a - a +1 dagger (weapon)
Armour
 f - a +0 ring mail
 j - a +0 helmet (worn)
 l - a +0 leather armour (worn)
 m - a +2 helmet
 t - a +0 scale mail
Jewellery
 b - an uncursed ring of see invisible {unknown}
 h - an uncursed ring of fire {unknown}
Scrolls
 c - 5 scrolls of teleportation {unknown}
 e - a scroll of enchant armour {unknown}
 g - 2 scrolls of magic mapping {unknown}
 i - a scroll of identify {unknown}
 n - 2 scrolls of remove curse {unknown}
 r - a scroll of enchant weapon {unknown}
 s - 3 scrolls of amnesia {unknown}
 v - a scroll of fear {unknown}
Potions
 d - 12 potions of blood
 k - a potion of haste {unknown}
 o - a potion of berserk rage {unknown}
 p - 4 potions of curing
 q - 2 potions of brilliance {unknown}
 u - a potion of lignification {unknown}


   Skills:
 + Level 3.1 Short Blades
 - Level 2.1 Dodging
 + Level 6.2 Stealth
 - Level 2.0 Spellcasting
 + Level 5.9 Hexes


You had one spell level left.
You knew the following spells:

 Your Spells              Type           Power        Failure   Level  Hunger
a - Corona                Hex            ###....      2%          1    #......
b - Ensorcelled Hibernat  Hex/Ice        ##....       13%         2    ###....
c - Tukima's Dance        Hex            ###.....     8%          3    ###....

Your spell library contained the following spells:

 Spells                   Type           Power        Failure   Level  Hunger
 Confuse                  Hex            ###.....     8%          3    ###....
 Dazzling Spray           Conj/Hex       ##....       26%         3    ###....


Dungeon Overview and Level Annotations

Branches:
Dungeon (4/15)
 Temple: D:4-7

Altars:
Fedhas
Qazlal
Zin


Innate Abilities, Weirdness & Mutations

You heal slowly.
You have razor-sharp teeth.
You have supernaturally acute eyesight. (SInv)
You can survive without breathing.


Message History

Magic restored.
You continue memorising. x2
You finish memorising.
Spell assigned to 'c'.
You are feeling thirsty.
You see here a +0 leather armour.
There is a stone staircase leading down here.
You climb downwards.
You hear the hiss of flowing sand.
There is an entrance to an ossuary on this level.
Hurry and find it before the 6 killer bees, an ogre and 3 skeletons come into view.
The ogre shouts!
The killer bee buzzes angrily. x4
The killer bee stings you!
You are poisoned.
The killer bee poisons you! The ogre closely misses you.
The killer bee stings you.
You are lethally poisoned!
The killer bee poisons you! The killer bee stings you.
The ogre hits you with a +0 giant club!!
Ouch! That really hurt!
You die...

.........##
..........#####
..........#..P.
...........Z..8
............P..
............P..
...............
..8.Z..@O#
..Z...yyy....#
...........y.#
####..##y......
#.. .y..... ...
%...... #..
.##..## ... ##
..#


You could see an ogre, 6 killer bees, an adder skeleton, a jackal skeleton
(wandering) and a bullfrog skeleton.

Vanquished Creatures
  Natasha (D:3)
  A worker ant (D:3)
  An adder (D:2)
  2 worms
  2 dart slugs (D:1)
  2 leopard geckos (D:1)
  2 orcs
  5 bats
  5 giant cockroaches
  6 goblins
  8 hobgoblins
  3 jackals (D:3)
  5 kobolds
  3 quokkas
  3 frilled lizards
  10 rats
59 creatures vanquished.

Notes
Turn   | Place    | Note
-------+----------+-------------------------------------------
     0 | D:1      | Matador8 the Vampire Enchanter began the quest for the Orb.
     0 | D:1      | Reached XP level 1. HP: 13/13 MP: 3/3
   298 | D:1      | Reached XP level 2. HP: 19/19 MP: 1/5
   420 | D:1      | Upgraded the game from 0.23-a0-629-gae4348f to
                  | 0.23-a0-635-g88ca12a
   630 | D:1      | Reached skill level 5 in Stealth
   757 | D:1      | Reached skill level 5 in Hexes
   764 | D:1      | Learned a level 2 spell: Ensorcelled Hibernation
  1090 | D:2      | Reached XP level 3. HP: 24/24 MP: 6/6
  1500 | D:2      | Found a faded altar of an unknown god.
  1974 | D:3      | Noticed Natasha
  2202 | D:3      | Found a glowing silver altar of Zin.
  2285 | D:3      | Reached XP level 4. HP: 20/30 MP: 7/7
  2638 | D:3      | Found a blossoming altar of Fedhas.
  2669 | D:3      | Found a stormy altar of Qazlal.
  2770 | D:3      | Reached skill level 6 in Stealth
  3254 | D:3      | Killed Natasha
  3263 | D:4      | Noticed an orc warrior
  3272 | D:3      | Learned a level 3 spell: Tukima's Dance
  3303 | D:4      | Noticed an ogre
  3303 | D:4      | Mangled by an ogre

Vault maps used:
D:1:      dpeg_arrival_signposts
D:2:      chequers_ecumenical_altar_simple, minmay_misc_feat_doors
D:3:      wander_river, grunt_temple_overflow_forces_of_nature,
          nicolae_overflow_hidden_temple, uniq_natasha
D:4:      minitemple, serial_undead, serial_undead_e, serial_undead_a,
          serial_undead_b, serial_undead_b, serial_undead_d, serial_undead_d,
          serial_undead_e, serial_undead_d, serial_undead_c, serial_undead_e,
          first_ration, nicolae_ossuary_entry_catacombs

Skill      XL: |  1  2  3  4 |
---------------+-------------+-----
Stealth        | 5 6 |  6.2
Short Blades   | 2 3 |  3.1
Hexes          | 5 |  5.9
Dodging        | |  2.1
Spellcasting   | |  2.0

Action                   |  1- 3 |  4- 6 || total
-------------------------+-------+-------++-------
Melee: Dagger            |   149 |    39 ||   188
       Bite              |     6 |       ||     6
 Cast: Corona            |    28 |     9 ||    37
       Ensorcelled Hiber |     6 |    12 ||    18
  Use: Potion            |     1 |     3 ||     4
 Stab: Sleeping          |    15 |     8 ||    23
  Eat: Corpse            |     1 |     2 ||     3
Armor: Robe              |    16 |       ||    16
       Leather armour    |    30 |    10 ||    40
Dodge: Dodged            |   109 |    26 ||   135

Table legend:
 A = Non-vault XP
 B = Vault XP
 C = Vault XP percentage of total XP
 D = Non-vault monster count
 E = Vault monster count
 F = Vault count percentage of total count
                 A         B        C        D         E       F
            +---------+---------+-------+---------+---------+-------
      Total |     155 |      36 |  18.8 |      58 |       1 |   1.7
            +---------+---------+-------+---------+---------+-------
        D:1 |      38 |       0 |   0.0 |      20 |       0 |   0.0
        D:2 |      42 |       0 |   0.0 |      16 |       0 |   0.0
        D:3 |      72 |      36 |  33.3 |      21 |       1 |   4.5
        D:4 |       3 |       0 |   0.0 |       1 |       0 |   0.0
            +---------+---------+-------+---------+---------+-------
